 Dungeon Sprint DCSS version 0.29-a0-338-g1ff7896281 (webtiles) character file.

Game seed: 15249176571539579478

17089 mhtbhm the Severer (level 12, -5/92 HPs)
             Began as a Gargoyle Berserker on Apr 17, 2022.
             Was a High Priest of Trog.
             Slain by a ghost moth (13 damage)
             ... called by a spriggan druid
             ... in the Dungeon (Sprint VII: "The Pits").
             The game lasted 00:06:52 (3176 turns).

mhtbhm the Severer (Gargoyle Berserker)             Turns: 3176, Time: 00:06:53

Health: -5/92      AC: 31    Str: 23 (25) XL:     12   Next: 44%
Magic:  0/12       EV:  9    Int:  7 (9)  God:    Trog [*****.]
Gold:   52         SH:  0    Dex:  8 (9)  Spells: 11/11 levels left

rFire   . . .      SeeInvis .   a - +4 battleaxe (flame)
rCold   . . .      Faith    .   (shield currently unavailable)
rNeg    + . .      Spirit   .   b - +3 chain mail
rPois   ∞          Reflect  .   (no helmet)
rElec   +          Harm     .   p - +0 cloak
rCorr   .          Rampage  .   (no gloves)
Will    .....      NoTele   +   o - +0 pair of boots
Stlth   ..........              (no amulet)
HPRegen 0.25/turn               l - +3 ring of protection
MPRegen 0.13/turn               z - +4 ring of evasion

@: on berserk cooldown, held, slowed, very slow
A: sickness immunity, AC +8, negative energy resistance 1, electricity
resistance, torment resistance 1, petrification resistance
a: Renounce Religion, Berserk, Trog's Hand, Brothers in Arms


You were in the Dungeon.
You worshipped Trog.
Trog was extremely pleased with you.
You visited 1 branch You collected 52 gold pieces.

Inventory:

Hand Weapons
 a - a +4 battleaxe of flaming (weapon)
 r - the +8 Vampire's Tooth {vamp}
   (Trog gifted it to you in the Dungeon)

   It occasionally heals its wielder for the full amount of damage dealt when it
   wounds a living foe.
Missiles
 k - 9 poisoned darts (quivered)
 q - 2 throwing nets
Armour
 b - a +3 chain mail (worn)
 o - a +0 pair of boots (worn)
 p - a +0 cloak (worn)
Jewellery
 l - a +3 ring of protection (left hand)
 t - a ring of willpower
 z - a +4 ring of evasion (right hand)
 A - a ring of ice
Scrolls
 j - a scroll of summoning
 v - 2 scrolls of fear
 w - 2 scrolls of fog
 x - 2 scrolls of identify
 y - 4 scrolls of enchant weapon
Potions
 c - 10 potions of curing
 d - 6 potions of heal wounds
 e - 4 potions of haste
 f - 4 potions of magic
 g - 5 potions of berserk rage
 i - 2 potions of invisibility
 m - 3 potions of might
 s - a potion of flight
 u - a potion of mutation


   Skills:
 + Level 18.2 Fighting
 + Level 20.0 Axes
 + Level 1.4 Throwing
 + Level 15.1 Armour
 + Level 6.2 Dodging
 + Level 0.6 Stealth


You had 11 spell levels left.
You didn't know any spells.
Your spell library was empty.

Dungeon Overview and Level Annotations

Branches:
Dungeon (1/1)

Altars:
Cheibriados
Dithmenos
Elyvilon
Fedhas
Gozag
Hepliaklqana
Makhleb
Nemelex Xobeh
Okawaru
Qazlal
Ru
Sif Muna
Trog
Wu Jian
Xom
Yredelemnul
Zin
The Shining One
Jiyva

Annotations:
D Aizul


Innate Abilities, Weirdness & Mutations

You are immune to sickness and miasma.
Your stone body is resilient. (AC +8)
You are immune to poison.
You resist negative energy. (rN+)
You are resistant to electric shocks. (rElec)
You are resistant to unholy torment.
You are immune to petrification.


Message History

The deep elf high priest mumbles some strange prayers.
The jumping spider pounces on you!
* * * LOW HITPOINT WARNING * * *
You are caught in a web!
The jumping spider bites you but does no damage.
You feel you are being watched by something.
Something hits you but does no damage. x2
Something stings you but does no damage.
The air elemental hits you but does no damage.
Unknown command.
Unknown command.
You feel much better.
The air elemental fires a burst of electricity at you.
The stunning burst hits you. You resist. The air elemental barely misses you.
The jumping spider pounces on you.
* * * LOW HITPOINT WARNING * * *
The jumping spider bites you but does no damage.
You feel you are being watched by something.
Something hits you but does no damage. x2
Something stings you but does no damage.
The jumping spider closely misses you. The jumping spider barely misses you.
You feel you are being watched by something.
Something hits you!!
* * * LOW HITPOINT WARNING * * *
Something hits you but does no damage.
Something stings you but does no damage.
The deep elf high priest hits you but does no damage.
Something hits you.
* * * LOW HITPOINT WARNING * * *
Unknown command.
Unknown command.
Unknown command.
Okay, then.
You feel much better. Aizul hits you but does no damage.
The jumping spider pounces on you!
* * * LOW HITPOINT WARNING * * *
The jumping spider bites you but does no damage.
You feel you are being watched by something.
Something hits you!
You die...

#####++#####
#..........#
#..........#
+..#..e.#..#
+.....s@...#
#......S{..#
##########..#..)E#..#
........''.....G....#
........''..........#
######..##..#....#..#
#..##..........+
+..##..........+
#..####''####''#


You could see Aizul (empowered), an eye of devastation, a deep elf high priest
(brilliance aura), an air elemental and a jumping spider (strong).

Vanquished Creatures
  Harold (D)
  A merfolk avatar (D)
  A two-headed ogre (D)
  5 skeletal warriors (D)
  2 deep trolls (D)
  A sea snake (D)
  A spriggan druid (D)
  A bog body (D)
  A swamp dragon (D)
  4 harpies (D)
  An orc knight (D)
  2 manticores (D)
  A salamander (D)
  An elephant (D)
  A smoke demon (D)
  A merfolk siren (D)
  A naga mage (D)
  A cane toad (D)
  2 rime drakes (D)
  A komodo dragon (D)
  2 kobold demonologists (D)
  A troll (D)
  2 hellwings (D)
  5 blink frogs (D)
  A jumping spider (D)
  A ynoxinul (D)
  A basilisk (D)
  A redback (D)
  A steam dragon (D)
  A chaos spawn (D)
  A naga (D)
  A floating eye (D)
  A black bear (D)
  4 orc warriors (D)
  An ogre (D)
  A centaur (D)
  A kobold brigand (D)
  A gnoll sergeant (D)
  A crimson imp (D)
  An orc priest (D)
  A gnoll shaman (D)
  An iguana (D)
  2 orc wizards (D)
  A hell rat (D)
  2 mummies (D)
  11 gnolls (D)
  A worm (D)
  5 orcs (D)
  A ball python (D)
  A bat skeleton (D)
  A bat zombie (D)
  An endoplasm (D)
  2 giant cockroaches (D)
  A hobgoblin (D)
  5 kobolds (D)
  2 ball python skeletons (D)
  2 frilled lizards (D)
99 creatures vanquished.

Vanquished Creatures (others)
  A kobold brigand (D)
  An orc (D)
2 creatures vanquished.

Grand Total: 101 creatures vanquished

Notes
Turn   | Place    | Note
-------+----------+-------------------------------------------
     0 | D        | mhtbhm the Gargoyle Berserker began the quest for the Orb.
     0 | D        | Reached XP level 1. HP: 14/14 MP: 1/1
    11 | D        | Noticed a floating eye
    14 | D        | Paralysed by a floating eye for 4 turns
    18 | D        | Killed a floating eye
    19 | D        | Reached skill level 5 in Axes
    19 | D        | Reached XP level 2. HP: 23/23 MP: 2/2
    19 | D        | Reached XP level 3. HP: 28/28 MP: 3/3
    19 | D        | Reached XP level 4. HP: 32/32 MP: 4/4
   123 | D        | Found a bloodstained altar of Trog.
   123 | D        | Found a shimmering blue altar of Sif Muna.
   123 | D        | Found a viscous altar of Jiyva.
   123 | D        | Found a hazy altar of Hepliaklqana.
   123 | D        | Found an opulent altar of Gozag.
   160 | D        | HP: 1/48 [gnoll/+0 club (7)]
   162 | D        | Reached skill level 6 in Axes
   162 | D        | Reached ** piety under Trog
   163 | D        | Reached XP level 5. HP: 2/38 MP: 5/5
   504 | D        | Reached *** piety under Trog
   630 | D        | Found a glowing golden altar of the Shining One.
   630 | D        | Found a glowing silver altar of Zin.
   630 | D        | Found a basalt altar of Yredelemnul.
   630 | D        | Found a shimmering altar of Xom.
   630 | D        | Found an ornate altar of the Wu Jian Council.
   630 | D        | Found a sacrificial altar of Ru.
   630 | D        | Found a stormy altar of Qazlal.
   630 | D        | Found an iron altar of Okawaru.
   630 | D        | Found a sparkling altar of Nemelex Xobeh.
   630 | D        | Found a burning altar of Makhleb.
   630 | D        | Found a blossoming altar of Fedhas.
   630 | D        | Found a white marble altar of Elyvilon.
   630 | D        | Found a shadowy altar of Dithmenos.
   630 | D        | Found a snail-covered altar of Cheibriados.
   654 | D        | Noticed an orc warrior
   655 | D        | Noticed a kobold brigand
   657 | D        | Noticed a black bear
   662 | D        | Reached **** piety under Trog
   671 | D        | Killed an orc warrior
   671 | D        | Killed a kobold brigand
   672 | D        | Reached skill level 8 in Axes
   672 | D        | Reached skill level 5 in Armour
   672 | D        | Reached XP level 6. HP: 35/46 MP: 6/6
   675 | D        | Reached ***** piety under Trog
   679 | D        | Killed a black bear
   680 | D        | Reached skill level 10 in Fighting
   680 | D        | Reached skill level 9 in Axes
   688 | D        | Reached XP level 7. HP: 29/52 MP: 7/7
   821 | D        | Noticed a basilisk
   837 | D        | Killed a basilisk
   845 | D        | Received a gift from Trog
   975 | D        | Noticed a redback
   975 | D        | Noticed a manticore
   982 | D        | Killed a redback
   983 | D        | Reached skill level 10 in Axes
   993 | D        | Killed a manticore
   994 | D        | Reached skill level 11 in Axes
   994 | D        | Reached XP level 8. HP: 15/60 MP: 8/8
  1352 | D        | Noticed a naga mage
  1352 | D        | Noticed a cane toad
  1353 | D        | Noticed a salamander
  1360 | D        | Killed a cane toad
  1360 | D        | Received a gift from Trog
  1361 | D        | Reached skill level 5 in Dodging
  1366 | D        | Killed a salamander
  1366 | D        | Killed a naga mage
  1366 | D        | Reached ****** piety under Trog
  1367 | D        | Reached skill level 12 in Axes
  1367 | D        | Reached skill level 10 in Armour
  1367 | D        | Reached XP level 9. HP: 68/68 MP: 9/9
  1440 | D        | Noticed a hellwing
  1440 | D        | Noticed a smoke demon
  1447 | D        | Received a gift from Trog
  1448 | D        | Killed a hellwing
  1449 | D        | Reached skill level 13 in Axes
  1452 | D        | Killed a smoke demon
  1511 | D        | Noticed a manticore
  1516 | D        | Received a gift from Trog
  1523 | D        | Killed a manticore
  1524 | D        | Reached skill level 14 in Axes
  1524 | D        | Reached XP level 10. HP: 56/75 MP: 10/10
  1611 | D        | Noticed an orc knight
  1613 | D        | Noticed Harold
  1625 | D        | Killed Harold
  1626 | D        | Reached skill level 15 in Axes
  1628 | D        | Killed an orc knight
  1628 | D        | Received a gift from Trog
  1877 | D        | Noticed a sea snake
  1878 | D        | Noticed a merfolk avatar
  1882 | D        | Killed a sea snake
  1883 | D        | Reached skill level 15 in Fighting
  1883 | D        | Reached skill level 16 in Axes
  1891 | D        | Killed a merfolk avatar
  1891 | D        | Received a gift from Trog
  1892 | D        | Reached XP level 11. HP: 46/81 MP: 11/11
  2071 | D        | Received a gift from Trog
  2072 | D        | Reached skill level 17 in Axes
  2282 | D        | Received a gift from Trog
  2388 | D        | Noticed a deep troll
  2388 | D        | Noticed a harpy
  2388 | D        | Noticed a harpy
  2388 | D        | Noticed a deep troll
  2388 | D        | Noticed a harpy
  2388 | D        | Noticed a harpy
  2389 | D        | Noticed a bog body
  2394 | D        | Killed a harpy
  2394 | D        | Killed a harpy
  2395 | D        | Received a gift from Trog
  2395 | D        | Found the +8 Vampire's Tooth {vamp}
  2398 | D        | Killed a harpy
  2400 | D        | Killed a harpy
  2401 | D        | Reached skill level 18 in Axes
  2404 | D        | Killed a deep troll
  2408 | D        | Killed a bog body
  2408 | D        | Received a gift from Trog
  2412 | D        | Killed a deep troll
  2415 | D        | Reached skill level 19 in Axes
  2435 | D        | Reached XP level 12. HP: 27/91 MP: 12/12
  2886 | D        | Noticed a two-headed ogre
  2893 | D        | Identified the +7 hand axe "Konniqou" {vorpal, Dex+4} (Trog
                  | gifted it to you in the Dungeon)
  2893 | D        | Received a gift from Trog
  2896 | D        | Reached skill level 1 in Throwing
  2902 | D        | Killed a two-headed ogre
  3153 | D        | Noticed Aizul
  3153 | D        | Noticed a deep elf high priest
  3170 | D        | Received a gift from Trog
  3170 | D        | Paralysed by an air elemental for 1 turns
  3171 | D        | Reached skill level 20 in Axes
  3171 | D        | Reached skill level 15 in Armour
  3175 | D        | HP: 4/92 [something (22)]
  3175 | D        | HP: 1/92 [something (3)]
  3176 | D        | Slain by a ghost moth

Illustrated notes

Levels and vault maps discovered:
D:        pitsprint [storerooms_1, entrance_room_1, metal_vault_1, armoury_3,
          mini_pit_1, grid_room_1, main_hall_1, silver_pit, the_coven_2,
          the_vestibule_1, steel_vault_1, golden_pit, hallway_of_sentries,
          crystal_vault_5, iron_vault_1, final_vault]

Skill      XL: |  1  2  3  4  5  6  7  8  9 10 11 12 |
---------------+-------------------------------------+-----
Fighting       | 6 7 9 10 12 13 14 15 17 18 | 18.2
Axes           | 5 6 8 9 11 12 14 16 19 20 | 20.0
Armour         | 3 5 6 8 10 12 14 15 | 15.1
Dodging        | 2 3 4 5 6 |  6.2
Throwing       | 1 |  1.4
Stealth        | |  0.6

Action                   |  1- 3 |  4- 6 |  7- 9 | 10-12 || total
-------------------------+-------+-------+-------+-------++-------
Melee: Hand axe          |     3 |    48 |    50 |       ||   101
       Punch             |       |       |     1 |       ||     1
       Broad axe         |       |       |    10 |       ||    10
       Battleaxe         |       |       |    17 |   119 ||   136
Throw: Dart              |       |       |       |     3 ||     3
Invok: Berserk           |       |     2 |     3 |     4 ||     9
       Brothers in Arms  |       |       |       |     3 ||     3
  Use: Potion            |       |     1 |       |     9 ||    10
       Scroll            |       |       |       |     1 ||     1
 Stab: Distracted        |       |       |       |     1 ||     1
Armor: Chain mail        |       |    17 |    59 |   143 ||   219
       Animal skin       |       |     3 |       |       ||     3
Dodge: Dodged            |       |    18 |    46 |   111 ||   175

Table legend: (Time is in decaauts)
 A = Elapsed time spent in this place.
 B = Non-inter-level travel time spent in this place.
 C = Inter-level travel time spent in this place.
 D = Time resting spent in this place.
 E = Time spent auto-exploring this place.
 F = Levels seen in this place.
 G = Mean time per level.
                   A        B        C        D        E       F      G
               +--------+--------+--------+--------+--------+-----+--------+
         Total |   3216 |   3216 |      0 |   2207 |      8 |   1 | 3216.0 |
       Dungeon |   3216 |   3216 |      0 |   2207 |      8 |   1 | 3216.0 |
               +--------+--------+--------+--------+--------+-----+--------+

Top non-repeatable levels by time:
       D: 3216 daAuts
